 Seeded DCSS version 0.28.0-53-g5a82cb258f (webtiles) character file.

Game seed: 67102397 (custom seed)

102 xaos the Stinger (level 4, -4/30 HPs)
             Began as a Demonspawn Venom Mage on May 27, 2022.
             Was a Follower of Okawaru.
             Slain by an ogre
             ... wielding a +0 giant club
              (17 damage)
             ... on level 3 of the Dungeon on May 30, 2022.
             The game lasted 00:18:50 (6505 turns).

xaos the Stinger (Demonspawn Venom Mage)            Turns: 6505, Time: 00:18:50

Health: -4/30      AC:  4    Str: 11    XL:     4   Next: 50%
Magic:  7/7        EV: 11    Int: 16    God:    Okawaru [*.....]
Gold:   102        SH:  4    Dex: 13    Spells: 4/8 levels left

rFire   . . .      SeeInvis .   e - +0 short sword (vorpal)
rCold   . . .      Faith    .   (no shield)
rNeg    . . .      Spirit   .   b - +0 leather armour
rPois   .          Reflect  .   (no helmet)
rElec   .          Harm     .   (no cloak)
rCorr   .          Rampage  .   (no gloves)
Will    .....                   j - +0 pair of boots
Stlth   ++........              (no amulet)
HPRegen 0.10/turn               (no ring)
MPRegen 0.10/turn               (no ring)

@: no status effects
A: hooves 1, condensation shield, demonic touch 1
a: Renounce Religion, Heroism


You were on level 3 of the Dungeon.
You worshipped Okawaru.
Okawaru was aware of your devotion.
You visited 1 branch of the dungeon, and saw 3 of its levels.

You collected 102 gold pieces.

Inventory:

Hand Weapons
 e - a +0 vorpal short sword (weapon)
Missiles
 c - 4 poisoned darts (quivered)
Armour
 a - a +0 robe
 b - a +0 leather armour (worn)
 j - a +0 pair of boots (worn)
Jewellery
 n - a +6 ring of dexterity
Scrolls
 g - a scroll of brand weapon
 i - a scroll of blinking {unknown}
Potions
 f - a potion of flight {unknown}
 h - a potion of magic {unknown}
 k - a potion of haste {unknown}
 l - a potion of curing {unknown}
 m - a potion of cancellation {unknown}


   Skills:
 + Level 0.1 Fighting
 + Level 0.9 Short Blades
 + Level 0.7 Armour
 + Level 2.1 Dodging
 + Level 2.4 Stealth
 + Level 0.9 Shields
 + Level 2.6 Spellcasting
 + Level 1.2 Transmutations
 + Level 3.6 Poison Magic


You had 4 spell levels left.
You knew the following spells:

 Your Spells              Type           Power      Damage    Failure   Level
a - Sting                 Tmut/Pois      36%        1d4       10%         1
b - Poisonous Vapours     Pois/Air       14%        N/A       19%         2
c - Pain                  Necr           8%         1d4       26%         1

Your spell library contained the following spells:

 Spells                   Type           Power      Damage    Failure   Level
 Mephitic Cloud           Conj/Pois/Air  5%         N/A       43%         3
 Olgreb's Toxic Radiance  Pois           13%        N/A       50%         4
 Vampiric Draining        Necr           2%         2d6       61%         3
 Animate Skeleton         Necr           Unusable   N/A       N/A         1

Dungeon Overview and Level Annotations

Branches:
Dungeon (3/15)

Altars:
Okawaru


Innate Abilities, Weirdness & Mutations

You have large cloven feet.
A meltable shield of frost defends you. (SH +4)
Your touch may inflict minor irresistible damage on your foes.


Message History

The endoplasm is moderately wounded.
The endoplasm freezes you.
You are frozen.
The endoplasm closely misses you.
You hit the endoplasm but do no damage.
You touch the endoplasm.
You kill the endoplasm!
Okawaru accepts your kill.
You start resting.
Magic restored.
You start resting.
You start resting.
HP restored.
You open the door.
m - an emerald potion You open the door.
There is an open door here.
n - a +6 ring of dexterity It was a potion of might.
You feel very mighty all of a sudden.
Found a stone staircase leading down.
You feel a little less mighty now.
You open the door.
There is a stone staircase leading down here.
Found a stone staircase leading down.
Found 32 arrows.
You open the door.
There is an open door here.
An ogre comes into view. It is wielding a +0 giant club.
The ogre shouts!
Throw: 5 darts (poison)
Press: ? - help, Q - select action, (/) - cycle Shift-Dir - straight line, f - ogre
Aim: an ogre, wielding a +0 giant club (72% to hit)
You throw a poisoned dart. The poisoned dart hits the ogre.
The ogre is poisoned.
The ogre hits you with a +0 giant club!
Ouch! That really hurt!
You hit the ogre.
The ogre is moderately wounded.
The ogre hits you with a +0 giant club!
Ouch! That really hurt!
You die...

#.# #........#.## #.# #
##.#######....#####..# #.#
#...##........# ##.# #.######
###.################.###......#
#.# ..#.........####.. #.#
#(#.####.##.# #.. #.# #.#.#
#.##.# #.[ #.# #O#.# #..#.# #..
#.# #@#.# ###.#.# ### #.# #.#.#
#.....## ############## #.#.#
#......# .............# #.#.#
#......# .............# #.#.#
#......# .............# #.#.#
#...#..# ############.#
#.#.###...#..### #.#
#.....#...#....###
#.####....#...#..#.##.


You could see an ogre (poisoned).

Vanquished Creatures
  A bullfrog zombie (D:3)
  2 adders
  2 dart slugs
  An orc (D:3)
  6 ball pythons
  7 endoplasms
  2 giant cockroaches (D:1)
  4 hobgoblins
  4 kobolds
  8 bats
  3 frilled lizards
  3 goblins (D:1)
  4 rats
47 creatures vanquished.

Notes
Turn   | Place    | Note
-------+----------+-------------------------------------------
     0 | D:1      | xaos the Demonspawn Venom Mage began the quest for the Orb.
     0 | D:1      | Reached XP level 1. HP: 13/13 MP: 3/3
   860 | D:1      | Gained mutation: A meltable shield of frost defends you.
                  | (SH +4) [demonic ancestry]
   860 | D:1      | Reached XP level 2. HP: 9/19 MP: 3/5
  1196 | D:1      | Found a faded altar of an unknown god.
  1325 | D:1      | Learned a level 2 spell: Poisonous Vapours
  1331 | D:1      | Prayed at the altar of an unknown god.
  1331 | D:1      | Became a worshipper of Warmaster Okawaru
  1331 | D:1      | Reached * piety under Okawaru
  1358 | D:1      | Reached skill level 1 in Transmutations
  3018 | D:2      | Discovered your monstrous ancestry.
  3018 | D:2      | Gained mutation: You have large cloven feet. [demonic
                  | ancestry]
  3018 | D:2      | Reached XP level 3. HP: 20/24 MP: 4/6
  3567 | D:2      | Learned a level 1 spell: Pain
  4299 | D:3      | HP: 1/24 [orc/+0 flail (6)]
  5303 | D:3      | Gained mutation: Your touch may inflict minor irresistible
                  | damage on your foes. [demonic ancestry]
  5303 | D:3      | Reached XP level 4. HP: 9/30 MP: 5/7
  6500 | D:3      | Noticed an ogre
  6505 | D:3      | Slain by an ogre

Illustrated notes

Levels and vault maps discovered:
D:1:      ebering_hopf_link, layout_loops_ring,
          shapermc_ecumenical_altar_pompeii
D:2:      layout_loops_corners, grunt_ministairs_11
D:3:      layout_basic, serial_co_window_serial, co_window_paths_b,
          co_window_corner_a, co_window_paths_b, co_window_paths_a,
          co_window_paths_b, co_window_of_opportunity_a, co_window_paths_b,
          co_window_unsneaky_path_d, co_window_unsneaky_path_c,
          co_window_of_opportunity_b, co_window_corner_cb, co_window_2corner,
          co_window_broadway_a, glass_columns_a, chequers_serial_rivers_micro_b,
          nrook_mini_backslash

Skill      XL: |  1  2  3 |
---------------+----------+-----
Transmutations | 1 |  1.2
Stealth        | 2 |  2.4
Dodging        | 2 |  2.1
Fighting       | |  0.1
Short Blades   | |  0.9
Armour         | |  0.7
Shields        | |  0.9
Spellcasting   | |  2.6
Poison Magic   | |  3.6

Action                   |  1- 3 |  4- 6 || total
-------------------------+-------+-------++-------
Melee: Club              |    10 |       ||    10
       Unarmed           |     2 |       ||     2
       Short sword       |    61 |    10 ||    71
       Kick              |     5 |       ||     5
       Touch             |       |     3 ||     3
Throw: Dart              |     3 |     1 ||     4
 Cast: Sting             |    38 |     2 ||    40
       Poisonous Vapours |     1 |       ||     1
  Use: Scroll            |     4 |       ||     4
       Potion            |     1 |     1 ||     2
 Stab: Sleeping          |     3 |       ||     3
Armor: Robe              |    17 |       ||    17
       Leather armour    |    17 |       ||    17
Dodge: Dodged            |    84 |     7 ||    91
Block: Other             |    19 |     1 ||    20
